 Seeded DCSS version 0.30-a0-845-g7c6808c8ce (webtiles) character file.

Game seed: 13605347439462872262 (custom seed)

2954 bmack86 the Cleaver (level 9, -25/79 HPs)
             Began as a Minotaur Fighter on Mar 2, 2023.
             Was a Follower of Okawaru.
             Annihilated by an ogre
             ... wielding a +0 giant club
              (26 damage)
             ... on level 6 of the Dungeon.
             The game lasted 00:13:24 (4432 turns).

bmack86 the Cleaver (Minotaur Fighter)              Turns: 4432, Time: 00:13:25

Health: -25/79     AC: 15    Str: 29    XL:     9   Next: 52%
Magic:  9/9        EV:  7    Int:  5    God:    Okawaru [*.....]
Gold:   243        SH:  5    Dex: 10    Spells: 8/8 levels left

rFire   . . .      SeeInvis +    e - +8 war axe of the Dragonfly {holy, rC+ Str+4}
rCold   + . .      Faith    .    c - +0 buckler
rNeg    . . .      Spirit   .    B - +0 plate armour
rPois   .          Reflect  .    (helmet restricted)
rElec   .          Rampage  .    (no cloak)
rCorr   .                        A - +1 pair of gloves {hurl}
Will    .....                    (no boots) Stlth
                                 (no amulet)
HPRegen 0.33/turn                r - ring of see invisible
MPRegen 0.11/turn                (no ring)

@: no status effects
A: horns 2, retaliatory headbutt
a: Renounce Religion, Heroism


You were on level 6 of the Dungeon.
You worshipped Okawaru.
Okawaru was aware of your devotion.
You visited 2 branches of the dungeon, and saw 7 of its levels.

You collected 1000 gold pieces.
You spent 757 gold pieces at shops.

Inventory:

Hand Weapons
 a - a +0 war axe
 e - the +8 war axe of the Dragonfly (weapon) {holy, rC+ Str+4}
   (You bought it in a shop on level 1 of the Dungeon)

   Str:       It affects your strength (+4).
   rC:        It protects you from cold.
 v - a +1 hand axe of flaming
Missiles
 j - 2 curare-tipped darts (quivered)
Armour
 b - a +0 scale mail
 c - a +0 buckler (worn)
 h - a +0 chain mail
 x - a +0 pair of gloves
 A - a +1 pair of gloves of hurling (worn)
 B - a +0 plate armour (worn)
Jewellery
 r - a ring of see invisible (left hand)
Wands
 s - a wand of roots (2)
Scrolls
 i - 3 scrolls of enchant weapon {unknown}
 k - a scroll of blinking {unknown}
 m - a scroll of summoning {unknown}
 n - a scroll of noise {unknown}
 p - 4 scrolls of fog
 u - a scroll of brand weapon {unknown}
 w - 2 scrolls of identify {unknown}
 y - a scroll of enchant armour {unknown}
Potions
 d - a potion of might
 f - a potion of cancellation {unknown}
 g - a potion of berserk rage {unknown}
 l - a potion of lignification {unknown}
 o - 2 potions of heal wounds {unknown}
 q - a potion of flight {unknown}
 t - a potion of mutation {unknown}
 z - a potion of curing {unknown}


   Skills:
 + Level 7.2 Fighting
 * Level 9.3 Axes
 + Level 5.0 Throwing
 + Level 7.4 Armour
 + Level 7.4 Shields
 + Level 2.2 Invocations


You had 8 spell levels left.
You didn't know any spells.
Your spell library contained the following spells:

 Spells                   Type           Power      Damage    Failure   Level
 Magic Dart               Conj           0%         1d3       99%         1
 Ensorcelled Hibernation  Hex/Ice        0%         N/A       100%        2
 Scorch                   Fire           0%         2d5       100%        2
 Mephitic Cloud           Conj/Pois/Air  0%         N/A       100%        3
 Spider Form              Tmut/Pois      0%         N/A       100%        3
 Anguish                  Hex/Necr       0%         N/A       100%        4
 Flame Wave               Conj/Fire      0%         2d4       100%        4
 Call Imp                 Summ           Unusable   N/A       N/A         2
 Summon Cactus Giant      Summ           Unusable   N/A       N/A         6

Dungeon Overview and Level Annotations

Branches:
Dungeon (5/15)             Temple (1/1) D:5

Altars:
Ashenzari
Cheibriados
Dithmenos
Kikubaaqudgha
Makhleb
Nemelex Xobeh
Okawaru
Qazlal
Ru
Uskayaw
Vehumet
Xom
The Shining One

Shops:
D:1 (   D:2 [   D:5 [


Innate Abilities, Weirdness & Mutations

You have a pair of horns on your head.
You reflexively headbutt those who attack you in melee.


Message History

You kill the orc!
Okawaru accepts your kill.
You slash the orc warrior!
You kill the orc warrior!
Okawaru accepts your kill.
The sentinel's mark upon you fades away.
You start resting.
A shadow imp comes into view.
Found 8 gold pieces.
A white imp comes into view.
Found a scroll labelled WUZEVU YNWIT.
A black bear comes into view.
You see here a black bear corpse.
An ogre comes into view. It is wielding a +0 giant club.
You slash the shadow imp!
You kill the shadow imp!
Okawaru accepts your kill.
You see here a black bear corpse.
A white imp comes into view.
The white imp shouts, "Get thee hence, thou quaking beetle-headed pumpion!"
The white imp hits you but does no damage.
You slash the white imp!
You kill the white imp!
Okawaru accepts your kill.
Your Throwing skill increases to level 5!
You hit the black bear.
The black bear is moderately wounded.
The black bear completely misses you. You block the black bear's attack.
The black bear claws you but does no damage.
You slash the black bear! You headbutt the black bear!
You kill the black bear!
Okawaru accepts your kill.
You slash the ogre!
The ogre is moderately wounded.
The ogre hits you with a +0 giant club!!
* * * LOW HITPOINT WARNING * * *
You barely miss the ogre.
The ogre is moderately wounded.
The ogre hits you with a +0 giant club!!
You die...

........## #.###.....
#.......## ..# ....
#........## #.# ..... .
..........###.# ..... ..
#....#.....##.# #........
.....#......#.##.)......?
.....#...#).)....# .....
...#....##..))†.###......
...##....##.))†@O........
#...# ##).))5........
#.... ##..)......####
....#. #..)......##
.##........).......#
.....##.##.##...# ....#
#..### ....# .... #..
....$ ... ....


You could see an ogre and a white imp.

Vanquished Creatures
  Pikel (D:5)
  4 vampire mosquitoes (D:6)
  An orc warrior (D:6)
  An ice beast (D:5)
  A sky beast (D:6)
  3 ogres
  3 black bears
  A lemure (D:5)
  3 phantoms
  3 scorpions
  A howler monkey (D:4)
  4 hounds
  2 jellies
  3 orc priests
  2 sleepcaps (D:6)
  3 iguanas
  4 orc wizards
  Terence (D:2)
  4 adders
  3 gnolls (D:6)
  A shadow imp (D:6)
  2 white imps (D:6)
  4 ufetubi
  A worm (D:3)
  2 dart slugs
  22 orcs
  11 ball pythons
  3 bats
  8 endoplasms
  5 giant cockroaches
  14 goblins
  6 hobgoblins
  12 jackals
  4 kobolds
  5 quokkas
  2 frilled lizards
  5 rats
  A butterfly (D:5)
156 creatures vanquished.

Vanquished Creatures (others)
  A plant (D:6)
1 creature vanquished.

Grand Total: 157 creatures vanquished

Notes
Turn   | Place    | Note
-------+----------+-------------------------------------------
     0 | D:1      | bmack86 the Minotaur Fighter began the quest for the Orb.
     0 | D:1      | Reached XP level 1. HP: 19/19 MP: 0/0
   132 | D:1      | Identified a scroll of acquirement
   132 | D:1      | Acquired 745 gold pieces
   161 | D:1      | Found Lexawi's Antique Weapon Emporium.
   171 | D:1      | Bought an iridescent war axe for 204 gold pieces
   171 | D:1      | Identified the +8 war axe of the Dragonfly {holy, rC+
                  | Str+4} (You bought it in a shop on level 1 of the Dungeon)
   217 | D:1      | Reached XP level 2. HP: 27/27 MP: 1/1
   569 | D:1      | Reached skill level 3 in Axes
   684 | D:1      | Found a faded altar of an unknown god.
   684 | D:1      | Noticed a Hell Sentinel
   849 | D:1      | Reached XP level 3. HP: 33/33 MP: 2/2
  1368 | D:2      | Noticed Terence
  1374 | D:2      | Killed Terence
  1375 | D:2      | Reached skill level 1 in Throwing
  1375 | D:2      | Reached XP level 4. HP: 37/40 MP: 3/3
  1565 | D:2      | Found Osumy's Armour Boutique.
  1974 | D:3      | Found a shadowy altar of Dithmenos.
  2361 | D:4      | Reached skill level 4 in Axes
  2361 | D:4      | Reached XP level 5. HP: 47/47 MP: 4/4
  2444 | D:4      | Reached XP level 6. HP: 29/53 MP: 5/5
  2607 | D:4      | Reached skill level 5 in Axes
  2607 | D:4      | Reached skill level 5 in Armour
  2607 | D:4      | Reached skill level 5 in Shields
  2643 | D:4      | Reached skill level 5 in Fighting
  2836 | D:4      | Identified the +5 robe "Heepeag" {Contam rPois Regen+ SInv}
  3134 | D:5      | Entered Level 5 of the Dungeon
  3140 | D:5      | Reached XP level 7. HP: 61/61 MP: 6/6
  3260 | D:5      | Reached skill level 6 in Axes
  3412 | D:5      | Found Saobleg's Armour Shop.
  3609 | D:5      | Noticed Pikel
  3623 | D:5      | Killed Pikel
  3624 | D:5      | Reached skill level 7 in Axes
  3624 | D:5      | Reached XP level 8. HP: 49/70 MP: 7/7
  3818 | D:5      | Bought a +1 pair of gloves of hurling for 231 gold pieces
  3818 | D:5      | Bought a +0 plate armour for 322 gold pieces
  4147 | D:5      | Reached skill level 8 in Axes
  4271 | D:5      | Found a staircase to the Ecumenical Temple.
  4279 | Temple   | Entered the Ecumenical Temple
  4288 | Temple   | Became a worshipper of Warmaster Okawaru
  4316 | D:5      | You fall into a shaft and drop 1 floor!
  4327 | D:6      | Reached XP level 9. HP: 68/78 MP: 8/8
  4328 | D:6      | Reached skill level 1 in Invocations
  4331 | D:6      | Reached * piety under Okawaru
  4396 | D:6      | Reached skill level 9 in Axes
  4429 | D:6      | Reached skill level 5 in Throwing
  4431 | D:6      | HP: 1/79 [ogre/+0 giant club (18)]
  4432 | D:6      | Annihilated by an ogre

Illustrated notes

Levels and vault maps discovered:
D:1:      kilobyte_arrival_exit_the_forest, layout_loops_corners, serial_shops,
          shop_fountains, dreamdust_ecumenical_altar_sealed_demon
D:2:      layout_loops_cross, serial_shops, shop, grunt_ministairs_5,
          minmay_misc_feat_iff, uniq_terence
D:3:      layout_basic, general_overflow_altar
D:4:      layout_basic, grunt_ministairs_3
D:5:      layout_loops_corners, mainiacjoe_overflow_alcove_2,
          minmay_temple_entry_butterflies, kennysheep_flooded_box,
          nicolae_inconvenience_store, kennysheep_generic_room_8, uniq_pikel
D:6:      kennysheep_windowed_halls, layout_cave_pools,
          nicolae_hepliaklqana_hazy_memory, nicolae_overflow_crystal_walls,
          trog_butcher_becter
Temple:   nicolae_temple_no_exploring_needed

Skill      XL: |  1  2  3  4  5  6  7  8  9 |
---------------+----------------------------+-----
Shields        | 4 5 6 7 |  7.4
Armour         | 4 5 6 7 |  7.4
Fighting       | 4 5 6 7 |  7.2
Axes           | 3 4 5 7 8 9 |  9.3
Throwing       | 1 2 3 4 5 |  5.0
Invocations    | 2 |  2.2

Action                     |  1- 3 |  4- 6 |  7- 9 || total
---------------------------+-------+-------+-------++-------
  Melee: War axe           |    64 |    65 |   115 ||   244
         Headbutt          |     5 |     4 |    19 ||    28
    Use: Scroll            |     1 |       |     1 ||     2
 Armour: Scale mail        |    17 |       |       ||    17
         Chain mail        |    17 |    28 |    15 ||    60
         Plate armour      |       |       |    71 ||    71
  Dodge: Dodged            |    25 |    43 |    53 ||   121
  Block: Buckler           |    16 |    19 |    27 ||    62

Table legend: (Time is in decaauts)
 A = Elapsed time spent in this place.
 B = Non-inter-level travel time spent in this place.
 C = Inter-level travel time spent in this place.
 D = Time resting spent in this place.
 E = Time spent auto-exploring this place.
 F = Levels seen in this place.
 G = Mean time per level.
                   A        B        C        D        E       F      G
               +--------+--------+--------+--------+--------+-----+--------+
         Total |   4502 |   4454 |     48 |      4 |   3256 |   7 |  643.1 |
       Dungeon |   4483 |   4435 |     48 |      4 |   3256 |   6 |  747.2 |
        Temple |     18 |     18 |      0 |      0 |      0 |   1 |   18.0 |
               +--------+--------+--------+--------+--------+-----+--------+

Top non-repeatable levels by time:
     D:5: 1178 daAuts
     D:1: 1028 daAuts
     D:4: 785 daAuts
     D:2: 708 daAuts
     D:3: 665 daAuts
     D:6: 118 daAuts
  Temple: 18 daAuts
